 Dungeon Crawl Stone Soup version 0.29-a0-344-ge2f44be95a (webtiles) character file.

Game seed: 8096006000616847839

777 Querens the Magician (level 7, 0/36 HPs)
             Began as a Deep Elf Conjurer on Apr 22, 2022.
             Slain by a hound (4 damage)
             ... on level 5 of the Dungeon.
             The game lasted 00:15:18 (3271 turns).

Querens the Magician (Deep Elf Conjurer)            Turns: 3271, Time: 00:15:18

Health: 0/36       AC:  4    Str:  4    XL:     7   Next: 54%
Magic:  16/20      EV: 12    Int: 25    God:
Gold:   170        SH:  0    Dex: 13    Spells: 10/21 levels left

rFire   . . .      SeeInvis .   w - +2 dagger (venom)
rCold   . . .      Faith    .   (no shield)
rNeg    . . .      Spirit   .   r - +0 robe {Will+}
rPois   .          Reflect  .   m - +0 helmet
rElec   .          Harm     .   (no cloak)
rCorr   .          Rampage  .   (no gloves)
Will    +....                   q - +0 pair of boots
Stlth   ++........              (no amulet)
HPRegen 0.12/turn               (no ring)
MPRegen 0.17/turn               (no ring)

@: no status effects
A: no striking features
a: no special abilities


You were on level 5 of the Dungeon.
You visited 2 branches of the dungeon, and saw 6 of its levels.

You collected 170 gold pieces.

Inventory:

Hand Weapons
 w - a +2 dagger of venom (weapon)
Armour
 m - a +0 helmet (worn)
 q - a +0 pair of boots (worn)
 r - a +0 robe of willpower (worn)
Jewellery
 o - a ring of ice
Wands
 t - a wand of mindburst (13)
Scrolls
 c - 3 scrolls of identify {unknown}
 d - a scroll of immolation {unknown}
 e - 2 scrolls of amnesia {unknown}
 f - a scroll of noise {unknown}
 g - 2 scrolls of enchant weapon {unknown}
 i - 3 scrolls of teleportation {unknown}
 j - 3 scrolls of vulnerability {unknown}
 l - a scroll of fog {unknown}
 p - a scroll of holy word {unknown}
 s - a scroll of blinking {unknown}
 u - a scroll of fear {unknown}
Potions
 a - a potion of haste {unknown}
 b - a potion of magic
 h - 2 potions of curing {unknown}
 k - a potion of brilliance {unknown}
 n - a potion of lignification {unknown}
 v - a potion of ambrosia {unknown}
 x - a potion of attraction {unknown}
 z - a potion of might {unknown}
 A - a potion of flight {unknown}
 B - a potion of invisibility {unknown}
 C - a potion of heal wounds {unknown}


   Skills:
 - Level 2.4 Dodging
 - Level 2.4 Stealth
 + Level 7.7 Spellcasting
 + Level 7.4 Conjurations
 + Level 3.4 Translocations


You had 10 spell levels left.
You knew the following spells:

 Your Spells              Type           Power      Damage    Failure   Level
a - Magic Dart            Conj           100%       1d8       1%          1
b - Searing Ray           Conj           92%        2d7       1%          2
c - Iskenderun's Mystic   Conj/Tloc      37%        2d9       7%          4
d - Fulminant Prism       Conj/Hex       14%        3d9       14%         4

Your spell library contained the following spells:

 Spells                   Type           Power      Damage    Failure   Level
 Dazzling Flash           Conj/Hex       56%        N/A       4%          3
 Slow                     Hex            36%        N/A       6%          1
 Confusing Touch          Hex            9%         N/A       19%         3
 Vampiric Draining        Necr           9%         2d6       19%         3


Dungeon Overview and Level Annotations

Branches:
Dungeon (5/15)             Temple (1/1) D:4

Altars:
Ashenzari
Cheibriados
Dithmenos
Elyvilon
Fedhas
Gozag
Kikubaaqudgha
Nemelex Xobeh
Okawaru
Qazlal
Sif Muna
Trog
Uskayaw
Wu Jian
Xom
The Shining One


Message History

You kill the centaur!
The searing ray hits the quokka!
You kill the quokka!
The searing ray hits the orc!
You kill the orc!
You finish channelling your searing ray.
You start resting.
An orc wizard is nearby!
Casting: Searing Ray (safe; 1% risk of failure)
Confirm with . or Enter, or press ? or * to list all spells.
Aiming: Searing Ray (safe; 1% risk of failure)
Press: ? - help, Shift-Dir - straight line, f - orc wizard
Aim: an orc wizard, wielding a +0 dagger and wearing a +0 robe (severely wounded, 77% to hit)
The searing ray hits the orc wizard!
You kill the orc wizard! (Press . to maintain the ray.)
Items here: ))) [ †.
Found a long sword.
Found 7 gold pieces.
Found a stone staircase leading up.
Found 13 gold pieces.
You now have 170 gold pieces (gained 13).
An orc priest and a hound come into view.
A sky beast comes into view.
The hound barks!
You hear a shout! x3
An orc priest comes into view. It is wielding a +0 mace.
The hound bites you. The hound bites you but does no damage.
The orc priest casts a cantrip, but nothing happens.
The hound bites you but does no damage. The sky beast attacks as you move away!
The sky beast hits you. The sky beast shocks you.
The hound attacks as you move away! The hound misses you.
The hound barely misses you. The sky beast attacks as you move away!
The sky beast hits you but does no damage.
The hound bites you.
The orc priest invokes the aid of Beogh against you.
Beogh smites you!
* * * LOW HITPOINT WARNING * * *
The hound attacks as you move away! The hound bites you.
You die...

######## ########
#......# #......#
#.####.# #.####.####
#.####.####.##......#
#.#......##.##.#.##.#
#.#.##.#.##.##..@.#.#
#.#.##.#....##.Yh...#
#......#######....#.#
###.###.............#
#.# #.......###.###
#.# #.......# #.#
###.# #..oo...# #.#
..#.# #.......# ...
<...# #.......# #.#


You could see a sky beast, a hound and 2 orc priests.

Vanquished Creatures
  A centaur (D:5)
  A necrophage (D:5)
  2 hounds (D:4)
  A gnoll shaman (D:4)
  An orc priest (D:3)
  An iguana (D:4)
  Jessica (D:3)
  Terence (D:2)
  Ijyb (D:3)
  3 orc wizards
  Natasha (thrice) (D:2)
  Robin (D:2)
  8 adders
  4 gnolls (D:4)
  An ufetubus (D:4)
  5 worms
  4 dart slugs
  14 orcs
  7 endoplasms
  5 giant cockroaches
  15 goblins
  13 hobgoblins
  4 jackals (D:2)
  4 quokkas
  6 ball pythons
  6 bats
  3 frilled lizards (D:1)
  6 kobolds
  3 rats
125 creatures vanquished.

Notes
Turn   | Place    | Note
-------+----------+-------------------------------------------
     0 | D:1      | Querens the Deep Elf Conjurer began the quest for the Orb.
     0 | D:1      | Reached XP level 1. HP: 10/10 MP: 6/6
   124 | D:1      | Reached XP level 2. HP: 15/15 MP: 2/8
   267 | D:1      | Learned a level 2 spell: Searing Ray
   435 | D:1      | Found a faded altar of an unknown god.
   856 | D:2      | Reached skill level 5 in Conjurations
   856 | D:2      | Reached XP level 3. HP: 19/19 MP: 7/10
   868 | D:2      | Noticed Natasha
   871 | D:2      | Killed Natasha
   948 | D:2      | Noticed Robin
   993 | D:2      | Reached XP level 4. HP: 14/24 MP: 4/12
   994 | D:2      | Killed Robin
  1000 | D:2      | Noticed Terence
  1222 | D:2      | Reached skill level 5 in Spellcasting
  1309 | D:2      | Noticed Natasha
  1314 | D:2      | Killed Natasha
  1434 | D:2      | Reached XP level 5. HP: 28/28 MP: 2/14
  1504 | D:2      | Found a shimmering blue altar of Sif Muna.
  1544 | D:2      | Killed Terence
  1575 | D:2      | Noticed Natasha
  1580 | D:2      | Killed Natasha
  1695 | D:3      | Noticed Jessica
  1698 | D:3      | Killed Jessica
  1922 | D:3      | Learned a level 4 spell: Iskenderun's Mystic Blast
  1927 | D:3      | Learned a level 4 spell: Fulminant Prism
  2010 | D:3      | Reached XP level 6. HP: 32/32 MP: 14/17
  2066 | D:3      | Reached skill level 1 in Translocations
  2168 | D:3      | Noticed Ijyb
  2174 | D:3      | Killed Ijyb
  2779 | D:4      | Reached XP level 7. HP: 27/36 MP: 10/19
  2779 | D:4      | Found a staircase to the Ecumenical Temple.
  2796 | Temple   | Entered the Ecumenical Temple
  3194 | D:5      | Entered Level 5 of the Dungeon
  3271 | D:5      | Slain by a hound

Illustrated notes

Levels and vault maps discovered:
D:1:      dpeg_arrival_morbid_curiosity, layout_basic,
          dreamdust_ecumenical_altar_sealed_demon, minmay_split_cup_small
D:2:      layout_basic, basic_altar, uniq_terence, uniq_natasha, uniq_robin
D:3:      layout_loops_corners, hangedman_abyss_or_decor_stabs,
          kennysheep_pointless_box, uniq_ijyb, uniq_jessica
D:4:      layout_basic, minmay_temple_entry_glass
D:5:      layout_loops_cross, mainiacjoe_overflow_boulevard, grunt_ministairs_6,
          hex_tiny, kennysheep_small_spiral, dk_vineyard_1
Temple:   regret_index_temple_sphere_string

Skill      XL: |  1  2  3  4  5  6  7 |
---------------+----------------------+-----
Spellcasting   | 4 5 6 7 |  7.7
Conjurations   | 5 6 7 |  7.4
Translocations | 2 3 |  3.4
Dodging        | |  2.4
Stealth        | |  2.4

Action                   |  1- 3 |  4- 6 |  7- 9 || total
-------------------------+-------+-------+-------++-------
Melee: Falchion          |     4 |    19 |       ||    23
       Dagger            |       |       |     1 ||     1
 Cast: Magic Dart        |    43 |    24 |     3 ||    70
       Searing Ray       |     8 |    45 |     8 ||    61
 Stab: Sleeping          |       |     3 |       ||     3
Armor: Robe              |     2 |    11 |     5 ||    18
Dodge: Dodged            |    14 |    28 |    11 ||    53

Table legend: (Time is in decaauts)
 A = Elapsed time spent in this place.
 B = Non-inter-level travel time spent in this place.
 C = Inter-level travel time spent in this place.
 D = Time resting spent in this place.
 E = Time spent auto-exploring this place.
 F = Levels seen in this place.
 G = Mean time per level.
                   A        B        C        D        E       F      G
               +--------+--------+--------+--------+--------+-----+--------+
         Total |   3276 |   3028 |    248 |      2 |    146 |   6 |  546.0 |
       Dungeon |   3078 |   2855 |    223 |      2 |      0 |   5 |  615.6 |
        Temple |    197 |    172 |     25 |      0 |    146 |   1 |  197.0 |
               +--------+--------+--------+--------+--------+-----+--------+

Top non-repeatable levels by time:
     D:1: 853 daAuts
     D:2: 845 daAuts
     D:3: 734 daAuts
     D:4: 568 daAuts
  Temple: 197 daAuts
     D:5: 76 daAuts
